 Dungeon Crawl Stone Soup version 0.27-a0-1500-g450c7e4133 (webtiles) character file.

Game seed: 5594992772042816118

4001 lunkers the Martial Artist (level 10, -6/73 HPs)
             Began as a Djinni Warper on July 7, 2021.
             Was a Priest of Cheibriados.
             Killed by divine providence
             ... invoked by an orc priest
              (10 damage)
             ... on level 9 of the Dungeon.
             The game lasted 00:13:27 (11375 turns).

lunkers the Martial Artist (Djinni Warper)         Turns: 11375, Time: 00:13:27

Health: -6/73      AC: 13    Str: 20    XL:     10   Next: 46%
Gold:   227        EV: 27    Int: 21    God:    Cheibriados [***...] SH:  0 Dex: 21

rFire    + + .     SeeInvis .     - Unarmed
rCold    . . .     Faith    .   (no shield)
rNeg     + . .     Spirit   .   K - +3 ring mail {rC+}
rPois    ∞         Reflect  .   u - +2 hat
rElec    .         Harm     .   (no cloak)
rCorr    .         Rampage  .   A - +2 pair of gloves
Will     ++...                  (boots unavailable)
Stlth    +.........             N - amulet of the acrobat
HPRegen  0.22/turn              d - ring of positive energy
MPRegen  0.00/turn              i - ring of willpower

@: acrobatic, flying, very slow
A: sickness immunity, fire resistance 2, cold vulnerability 1, float, innate
caster, hp casting, extra vitality 1
a: Renounce Religion, Bend Time, Temporal Distortion


You were on level 9 of the Dungeon.
You worshipped Cheibriados.
Cheibriados was most pleased with you.
You visited 2 branches of the dungeon, and saw 10 of its levels.
You also visited: Sewer.

You collected 425 gold pieces.
You spent 198 gold pieces at shops.

Inventory:

Missiles
 c - 3 boomerangs of dispersal
 f - 10 boomerangs
 I - 2 throwing nets
Armour
 h - a +3 leather armour
 u - a +2 hat (worn)
 A - a +2 pair of gloves (worn)
 E - +0 steam dragon scales
 K - a +3 ring mail of cold resistance (worn)
Jewellery
 d - a ring of positive energy (left hand)
 i - a ring of willpower (right hand)
 y - a +6 ring of intelligence
 J - a ring of see invisible
 N - an amulet of the acrobat (around neck)
Wands
 a - a wand of iceblast (6)
 b - a wand of acid (6)
 j - a wand of polymorph (2)
 w - a wand of flame (30)
 H - a wand of paralysis (11)
Scrolls
 e - 5 scrolls of magic mapping
 l - a scroll of vulnerability {unknown}
 m - a scroll of noise {unknown}
 o - 2 scrolls of amnesia {unknown}
 p - a scroll of torment {unknown}
 q - 2 scrolls of enchant armour {unknown}
 s - a scroll of teleportation {unknown}
 B - a scroll of acquirement {unknown}
 C - a scroll of fog
 G - 2 scrolls of silence {unknown}
 L - a scroll of identify
 M - a scroll of immolation {unknown}
Potions
 g - 2 potions of cancellation
 k - 6 potions of curing
 n - 3 potions of mutation
 r - 2 potions of ambrosia
 v - a potion of brilliance {unknown}
 x - a potion of attraction {unknown}
 z - a potion of degeneration {unknown}
 D - 2 potions of heal wounds {unknown}
 F - a potion of flight {unknown}


   Skills:
 - Level 6.3 Fighting
 - Level 0.7 Throwing
 - Level 1.0 Armour
 - Level 2.1 Dodging
 * Level 11.1 Unarmed Combat
 * Level 5.7 Spellcasting
 - Level 2.0 Evocations


You couldn't memorise any spells.
You knew the following spells:

 Your Spells              Type           Power      Damage    Failure   Level
b - Call Imp              Summ           30%        N/A       2%          2
c - Gell's Gravitas       Tloc           15%        N/A       4%          3
d - Teleport Other        Tloc           30%        N/A       4%          3
e - Manifold Assault      Tloc           30%        N/A       41%         5
f - Lesser Beckoning      Tloc           15%        N/A       4%          3
g - Dazzling Flash        Conj/Hex       60%        N/A       4%          3
h - Summon Ice Beast      Ice/Summ       30%        N/A       16%         4
p - Blink                 Tloc           N/A        N/A       2%          2
q - Freeze                Ice            100%       1d11      1%          1
Your spell library was empty.

Dungeon Overview and Level Annotations

Branches:
Dungeon (9/15)             Temple (1/1) D:4           Sewer (visited)
   Lair: D:8-11         Orc: D:9-12

Altars:
Ashenzari
Cheibriados
Dithmenos
Fedhas
Gozag
Hepliaklqana
Kikubaaqudgha
Makhleb
Okawaru
Qazlal
Ru
Sif Muna
Trog
Uskayaw
Vehumet
Wu Jian
Xom
Yredelemnul
Zin
The Shining One

Shops:
D:4 =   D:5 [

Annotations:
D:7 1 transporter, DemonSlayer's ghost, novice HuBe


Innate Abilities, Weirdness & Mutations

You are immune to sickness and miasma.
You are immune to poison.
Your flesh is very heat resistant. (rF++)
You are vulnerable to cold. (rC-)
You float through the air rather than walking.
You learn spells naturally, not from books.
Your magical power is your life essence.
You have superior vitality. (+4 HP)


Message History

The orc warrior hits you but does no damage.
Your ring mail prevents you from hitting the orc warrior.
The orc warrior closely misses you.
The orc priest calls down the wrath of Beogh upon you.
Beogh smites you!
You punch the orc warrior!
The orc warrior is moderately wounded.
The orc warrior hits you with a +0 glaive!
You hit the orc warrior.
The orc warrior is heavily wounded.
The orc hits you with a +0 mace.
* * * LOW HITPOINT WARNING * * *
The orc priest hits you but does no damage.
The orc completely misses you. The orc hits you but does no damage.
The orc warrior barely misses you. The orc misses you.
The orc priest calls down the wrath of Beogh upon you.
Beogh smites you!
* * * LOW HITPOINT WARNING * * *
Unknown command.
You barely miss the orc warrior.
The orc warrior is heavily wounded.
The orc hits you but does no damage.
The orc warrior hits you with a +0 glaive!
* * * LOW HITPOINT WARNING * * *
The orc hits you with a +0 mace.
* * * LOW HITPOINT WARNING * * *
The orc priest mumbles some strange prayers to Beogh against you.
Beogh smites you!
* * * LOW HITPOINT WARNING * * *
The orc completely misses you. The orc warrior misses you.
The orc priest calls upon Beogh to heal the orc warrior.
The orc warrior is healed somewhat.
The orc completely misses you. The orc warrior completely misses you.
Okay, then.
Blink to where?
Press: ? - help, Dir - move target
As you read the scroll of blinking, it crumbles to dust.
The orc priest calls down the wrath of Beogh upon you.
Beogh smites you!
You die...

#.#....#.#
#...>.#.### #
#...o#o#
#..........#
#....#.#
###..####..#
##.#o..# #..# #..#
#...# #..# ##.##
#.#.# #.. .#.)
##..# # #.## #.##
#. #.# #@#
#.######.## #.#
#.......... #.#
###.####.## #.#
##.######< #.#
#......... #.#
#..#######
#.#######..#######
#........)........
###.##†))##.####


You could see an orc warrior, an orc priest and an orc.

Vanquished Creatures
  A boulder beetle (D:8)
  A queen bee (D:7)
  Grinder (D:5)
  A wyvern (D:9)
  A steam dragon (D:6)
  Edmund (D:5)
  A water moccasin (Sewer)
  An orc warrior (D:9)
  An ice beast (D:5)
  3 black bears
  2 necrophages (D:6)
  An ogre (D:6)
  2 centaurs
  A phantom (D:6)
  Blork the orc (D:4)
  3 bullfrogs
  2 scorpions (D:5)
  4 wights (D:9)
  A howler monkey (D:9)
  A hound (D:4)
  2 centaur zombies
  7 orc priests
  A bullfrog skeleton (D:7)
  2 gnoll shamans (D:4)
  An iguana (D:4)
  Ijyb (D:4)
  4 orc wizards
  Natasha (thrice) (D:3)
  A howler monkey zombie (D:7)
  Robin (D:2)
  4 gnolls (D:5)
  8 adders
  4 white imps
  An ufetubus (D:4)
  An adder skeleton (D:4)
  4 worms
  36 orcs
  4 endoplasms
  6 giant cockroaches
  7 goblins
  6 hobgoblins
  12 jackals
  7 kobolds
  6 ball pythons
  5 bats
  2 frilled lizards
  5 rats
171 creatures vanquished.

Vanquished Creatures (collateral kills)
  A kobold (D:4)
1 creature vanquished.

Grand Total: 172 creatures vanquished

Notes
Turn   | Place    | Note
-------+----------+-------------------------------------------
     0 | D:1      | lunkers the Djinni Warper began the quest for the Orb.
     0 | D:1      | Reached XP level 1. HP: 18/18 MP: 0/0
   290 | D:1      | Reached XP level 2. HP: 8/23 MP: 0/0
  1255 | D:2      | Reached XP level 3. HP: 12/29 MP: 0/0
  1255 | D:2      | Learned a level 1 spell: Freeze
  1678 | D:2      | Reached skill level 3 in Unarmed Combat
  1846 | D:2      | Found a faded altar of an unknown god.
  1925 | D:2      | Noticed Robin
  1946 | D:2      | Killed Robin
  1947 | D:2      | Reached XP level 4. HP: 5/34 MP: 0/0
  2950 | D:3      | Noticed Natasha
  2966 | D:3      | Killed Natasha
  2967 | D:3      | Reached skill level 4 in Unarmed Combat
  3140 | D:3      | Noticed Natasha
  3150 | D:3      | Killed Natasha
  3151 | D:3      | Reached XP level 5. HP: 18/40 MP: 0/0
  3151 | D:3      | Learned a level 2 spell: Call Imp
  3327 | D:3      | Noticed Natasha
  3340 | D:3      | Killed Natasha
  3636 | D:3      | Reached XP level 6. HP: 31/47 MP: 0/0
  3828 | D:3      | Reached skill level 5 in Unarmed Combat
  4256 | D:4      | Found a glowing drain.
  4313 | D:4      | Noticed a fire elemental
  4315 | D:4      | Found a stormy altar of Qazlal.
  4358 | Sewer    | Entered a sewer
  4461 | Sewer    | Noticed a water moccasin
  4471 | Sewer    | Killed a water moccasin
  4649 | D:4      | Found a staircase to the Ecumenical Temple.
  4655 | D:4      | Noticed Blork the orc
  4656 | D:4      | Noticed Ijyb
  4671 | D:4      | Killed Blork the orc
  4672 | D:4      | Reached skill level 6 in Unarmed Combat
  4672 | D:4      | Reached XP level 7. HP: 42/53 MP: 0/0
  4672 | D:4      | Learned a level 3 spell: Dazzling Flash
  4672 | D:4      | Killed Ijyb
  4705 | Temple   | Entered the Ecumenical Temple
  4838 | Temple   | Became a worshipper of Cheibriados the Contemplative
  5172 | D:4      | Found Erappa's Jewellery Emporium.
  5449 | D:4      | Found a shadowy altar of Dithmenos.
  5458 | D:4      | Noticed a water elemental
  5617 | D:4      | Noticed an air elemental
  5769 | D:4      | Found a hazy altar of Hepliaklqana.
  5856 | D:4      | Found a sacrificial altar of Ru.
  5989 | D:5      | Entered Level 5 of the Dungeon
  5992 | D:5      | Reached * piety under Cheibriados
  6002 | D:5      | Reached skill level 5 in Fighting
  6004 | D:5      | Reached skill level 7 in Unarmed Combat
  6004 | D:5      | Reached XP level 8. HP: 55/59 MP: 0/0
  6729 | D:5      | Reached skill level 8 in Unarmed Combat
  6886 | D:5      | Noticed Grinder
  6905 | D:5      | Killed Grinder
  7258 | D:5      | Found Dihe Baish's Armour Boutique.
  7263 | D:5      | Bought a +2 pair of gloves for 198 gold pieces
  7367 | D:5      | Noticed Edmund
  7388 | D:5      | Killed Edmund
  7388 | D:5      | Reached ** piety under Cheibriados
  7389 | D:5      | Reached skill level 1 in Evocations
  7389 | D:5      | Reached XP level 9. HP: 21/67 MP: 0/0
  7389 | D:5      | Learned a level 4 spell: Summon Ice Beast
  7721 | D:6      | Reached skill level 9 in Unarmed Combat
  8867 | D:7      | Noticed DemonSlayer's ghost (novice HuBe)
  8869 | D:7      | Found a transporter.
  8949 | D:7      | Noticed Harold
  8951 | D:7      | Noticed Harold
  8951 | D:7      | Harold changed into Harold the queen bee
  8969 | D:7      | Killed Harold the queen bee
  8970 | D:7      | Reached skill level 10 in Unarmed Combat
  9769 | D:8      | Noticed a boulder beetle
  9792 | D:8      | Killed a boulder beetle
  9793 | D:8      | Reached skill level 5 in Spellcasting
  9793 | D:8      | Reached XP level 10. HP: 16/73 MP: 0/0
 11162 | D:9      | Reached skill level 11 in Unarmed Combat
 11233 | D:9      | Reached *** piety under Cheibriados
 11369 | D:9      | HP: 2/73 [orc priest/divine providence (12)]
 11375 | D:9      | Killed from afar by an orc priest

Illustrated notes

Levels and vault maps discovered:
D:1:      dpeg_arrival_renting, layout_loops_ring,
          chequers_serial_rivers_micro_a, corexii_corridor_pit
D:2:      layout_basic, hellmonk_ecumenical_altar_crossroads, uniq_robin
D:3:      layout_basic, uniq_natasha
D:4:      layout_cave_pools, old_standard_altar,
          mainiacjoe_overflow_small_starburst, lemuel_round_altar,
          nicolae_qazlal_style_of_elements, minmay_temple_entry_overgrown,
          serial_shops, shop, gup_sewer_entry_glass, palyth_stone_intersect,
          corexii_corridor_pit, minmay_quantized, uniq_blork_the_orc, uniq_ijyb
D:5:      layout_loops_cross, general_overflow_altar, serial_shops, shop,
          uniq_edmund, uniq_grinder
D:6:      layout_loops_cross, minmay_misc_feat_x, minmay_stone_trees_small
D:7:      layout_gridville, gammafunk_ghost_smash,
          chequers_serial_rivers_large_b, uniq_harold
D:8:      layout_basic, nicolae_vehumet_altar_sigil
D:9:      layout_loops_ring, hiddenorc1_lemuel, kennysheep_cluttered_room
Temple:   jpeg_temple_clearing

Skill      XL: |  1  2  3  4  5  6  7  8  9 10 |
---------------+-------------------------------+-----
Unarmed Combat | 3 4 6 7 8 10 11 | 11.1
Fighting       | 3 4 5 6 |  6.3
Evocations     | 1 2 |  2.0
Spellcasting   | 5 |  5.7
Throwing       | |  0.7
Armour         | |  1.0
Dodging        | |  2.1

Action                   |  1- 3 |  4- 6 |  7- 9 | 10-12 || total
-------------------------+-------+-------+-------+-------++-------
Melee: Unarmed           |   131 |   155 |   386 |    89 ||   761
       Punch             |       |     2 |    23 |    11 ||    36
Throw: Boomerang         |     2 |       |       |       ||     2
 Cast: Freeze            |     9 |       |       |       ||     9
       Call Imp          |       |     3 |       |       ||     3
       Dazzling Flash    |       |       |     2 |       ||     2
Evoke: Wand              |       |     5 |    17 |       ||    22
  Use: Scroll            |       |     1 |     7 |     1 ||     9
 Stab: Sleeping          |       |     1 |     3 |       ||     4
       Paralysed         |       |       |     7 |       ||     7
Armor: Leather armour    |    64 |    70 |   146 |       ||   280
       Ring mail         |       |       |     9 |    32 ||    41
Dodge: Dodged            |   125 |    76 |   227 |    69 ||   497

Table legend: (Time is in decaauts)
 A = Elapsed time spent in this place.
 B = Non-inter-level travel time spent in this place.
 C = Inter-level travel time spent in this place.
 D = Time resting spent in this place.
 E = Time spent auto-exploring this place.
 F = Levels seen in this place.
 G = Mean time per level.
                   A        B        C        D        E       F      G
               +--------+--------+--------+--------+--------+-----+--------+
         Total |  12848 |  12397 |    451 |    933 |   9922 |  11 | 1168.0 |
       Dungeon |  12497 |  12080 |    417 |    933 |   9666 |   9 | 1388.6 |
        Temple |    162 |    128 |     34 |      0 |    127 |   1 |  162.0 |
         Sewer |    187 |    187 |      0 |      0 |    129 |   1 |  187.0 |
               +--------+--------+--------+--------+--------+-----+--------+

Top non-repeatable levels by time:
     D:7: 1779 daAuts
     D:4: 1763 daAuts
     D:5: 1663 daAuts
     D:8: 1627 daAuts
     D:3: 1542 daAuts
     D:1: 1384 daAuts
     D:2: 1312 daAuts
     D:6: 979 daAuts
     D:9: 446 daAuts
   Sewer: 187 daAuts
  Temple: 162 daAuts
